TOP OF THE 1ST |
Buffalo LightSabres batting - Pitching for Kingston Iguanas : RHP Josh Young
|
Pitching: RHP Josh Young
|
|
Batting: LHB Rob Davidson
|
0-0: Ball 1-0: Foul Ball, location: 2F 1-1: Ball 2-1: Foul Ball, location: 2F 2-2: Foul Ball, location: 2F 2-2: Strikes out swinging
|
Batting: SHB Jason Mason
|
0-0: Called Strike 0-1: Ball 1-1: Swinging Strike 1-2: Ball 2-2: Strikes out looking
|
Batting: SHB Barrett Bowden
|
0-0: Ball 1-0: Swinging Strike 1-1: Called Strike 1-2: Ball 2-2: Strikes out swinging
|
Top of the 1st over - 0 run(s), 0 hit(s), 0 error(s), 0 left on base; Buffalo 0 - Kingston 0 |
BOTTOM OF THE 1ST |
Kingston Iguanas batting - Pitching for Buffalo LightSabres : RHP Jorge Madrigal
|
Pitching: RHP Jorge Madrigal
|
|
Batting: RHB Jesús Villalobos
|
0-0: Called Strike 0-1: DOUBLE (Line Drive, 9LM)
|
Batting: RHB Francisco Martínez
|
0-0: Ball 1-0: Ball 2-0: Ball 3-0: Foul Ball, location: 2F 3-1: Base on Balls
|
Batting: LHB Poto Vasilini
|
0-0: Ball 1-0: Fly out, F8 (Line Drive, 8LM)
|
Batting: RHB Tim Davis
|
0-0: Ball 1-0: Foul Ball, location: 2F 1-1: Grounds into double play, 5-4-3 (Groundball, 56)
|
Bottom of the 1st over - 0 run(s), 1 hit(s), 0 error(s), 1 left on base; Buffalo 0 - Kingston 0 |
TOP OF THE 2ND |
Buffalo LightSabres batting - Pitching for Kingston Iguanas : RHP Josh Young
|
Batting: SHB Javier Jiménez
|
0-0: Ball 1-0: Swinging Strike 1-1: Called Strike 1-2: Strikes out looking
|
Batting: RHB Ramão Almana
|
0-0: Ball 1-0: Called Strike 1-1: Ball 2-1: Swinging Strike 2-2: Ball 3-2: Base on Balls
|
Batting: RHB Alfredo Villegas
|
0-0: Ball 1-0: Foul Ball, location: 2F 1-1: Swinging Strike 1-2: Foul Ball, location: 2F 1-2: Foul Ball, location: 2F 1-2: Foul Ball, location: 2F 1-2: Foul Ball, location: 2F 1-2: Strikes out swinging
|
Batting: RHB Mario Solís
|
0-0: Called Strike 0-1: SINGLE (Flyball, 8LS) Ramão Almana to second Runner from 2nd tries for 3rd, SAFE, throw made to third
|
Batting: RHB Armando Gusmán
|
0-0: 3-RUN HOME RUN (Flyball, 7D), Distance : 366 ft
|
Batting: RHB Merlin Morris
|
0-0: Called Strike 0-1: Swinging Strike 0-2: Strikes out swinging, 2-3 out at first.
|
Top of the 2nd over - 3 run(s), 2 hit(s), 0 error(s), 0 left on base; Buffalo 3 - Kingston 0 |
BOTTOM OF THE 2ND |
Kingston Iguanas batting - Pitching for Buffalo LightSabres : RHP Jorge Madrigal
|
Batting: RHB Matt Rodríguez
|
0-0: Ball 1-0: Swinging Strike 1-1: Ball 2-1: Ball 3-1: Foul Ball, location: 2F 3-2: Base on Balls
|
Batting: SHB Yasuhiro Ikarashi
|
0-0: Called Strike 0-1: Called Strike 0-2: Ball 1-2: Ball 2-2: Strikes out looking
|
Batting: LHB Billy Anderson
|
0-0: Ball 1-0: Ball 2-0: Ball 3-0: Swinging Strike 3-1: Foul Ball, location: 2F 3-2: Base on Balls Matt Rodríguez to second
|
Batting: LHB Will Holt
|
0-0: Ball 1-0: Called Strike 1-1: Ball 2-1: Fly out, F8 (Flyball, 8LM)
|
Batting: RHB Ken MacDonald
|
0-0: Ball 1-0: Fly out, F8 (Flyball, 78M)
|
Bottom of the 2nd over - 0 run(s), 0 hit(s), 0 error(s), 2 left on base; Buffalo 3 - Kingston 0 |
TOP OF THE 3RD |
Buffalo LightSabres batting - Pitching for Kingston Iguanas : RHP Josh Young
|
Batting: LHB Rob Davidson
|
0-0: Ball 1-0: Ball 2-0: Called Strike 2-1: Swinging Strike 2-2: Strikes out swinging
|
Batting: SHB Jason Mason
|
0-0: Ball 1-0: Ball 2-0: SINGLE (Groundball, 4MD)
|
Batting: SHB Barrett Bowden
|
0-0: Called Strike 0-1: Ball 1-1: Ball 2-1: Fly out, F7 (Flyball, 7S)
|
Batting: SHB Javier Jiménez
|
0-0: Called Strike 0-1: Foul Ball, location: 2F 0-2: Ball 1-2: Fielders Choice at 2nd, 6-4 (Groundball, 6)
|
Top of the 3rd over - 0 run(s), 1 hit(s), 0 error(s), 0 left on base; Buffalo 3 - Kingston 0 |
BOTTOM OF THE 3RD |
Kingston Iguanas batting - Pitching for Buffalo LightSabres : RHP Jorge Madrigal
|
Batting: RHB Jesús Villalobos
|
0-0: Ball 1-0: Called Strike 1-1: Foul Ball, location: 2F 1-2: Ball 2-2: Ball 3-2: Ground out 5-3 (Groundball, 56)
|
Batting: RHB Francisco Martínez
|
0-0: Called Strike 0-1: Ground out 4-3 (Groundball, 34)
|
Batting: LHB Poto Vasilini
|
0-0: Called Strike 0-1: Ball 1-1: Called Strike 1-2: Ball 2-2: SINGLE (Line Drive, 34D)
|
Batting: RHB Tim Davis
|
0-0: Ball 1-0: Ball 2-0: Foul Ball, location: 2F 2-1: Foul Ball, location: 2F 2-2: Foul Ball, location: 2F 2-2: Fielders Choice at 2nd, 5-4 (Groundball, 56)
|
Bottom of the 3rd over - 0 run(s), 1 hit(s), 0 error(s), 0 left on base; Buffalo 3 - Kingston 0 |
TOP OF THE 4TH |
Buffalo LightSabres batting - Pitching for Kingston Iguanas : RHP Josh Young
|
Batting: RHB Ramão Almana
|
0-0: Swinging Strike 0-1: Ball 1-1: Ball 2-1: Foul Ball, location: 2F 2-2: Strikes out swinging
|
Batting: RHB Alfredo Villegas
|
0-0: Called Strike 0-1: Foul Ball, location: 2F 0-2: Ball 1-2: Strikes out swinging
|
Batting: RHB Mario Solís
|
0-0: Ball 1-0: Called Strike 1-1: Foul Ball, location: 2F 1-2: Fly out, F8 (Flyball, 8RD)
|
Top of the 4th over - 0 run(s), 0 hit(s), 0 error(s), 0 left on base; Buffalo 3 - Kingston 0 |
BOTTOM OF THE 4TH |
Kingston Iguanas batting - Pitching for Buffalo LightSabres : RHP Jorge Madrigal
|
Batting: RHB Matt Rodríguez
|
0-0: Called Strike 0-1: Ball 1-1: Ball 2-1: Ball 3-1: Base on Balls
|
Batting: SHB Yasuhiro Ikarashi
|
0-0: Called Strike 0-1: Ball 1-1: Foul Ball, location: 2F 1-2: Fly out, F8 (Flyball, 8LM)
|
Pitching: RHP Travis Whitney
|
|
Batting: LHB Billy Anderson
|
0-0: Reached on error, E4 (Groundball, 4) Matt Rodríguez to second
|
Batting: LHB Will Holt
|
0-0: Fly out, F7 (Flyball, 7)
|
Batting: RHB Ken MacDonald
|
0-0: Ball 1-0: Called Strike 1-1: Swinging Strike 1-2: Ball 2-2: Strikes out swinging
|
Bottom of the 4th over - 0 run(s), 0 hit(s), 1 error(s), 2 left on base; Buffalo 3 - Kingston 0 |
TOP OF THE 5TH |
Buffalo LightSabres batting - Pitching for Kingston Iguanas : RHP Josh Young
|
Batting: RHB Armando Gusmán
|
0-0: SINGLE (Groundball, 56S) (infield hit)
|
Batting: RHB Merlin Morris
|
0-0: Ball 1-0: Foul Ball, location: 2F 1-1: Swinging Strike 1-2: Ball 2-2: SINGLE (Flyball, 78S) Armando Gusmán to second
|
Batting: LHB Rob Davidson
|
0-0: Ball 1-0: Ball 2-0: Ball 3-0: Base on Balls Armando Gusmán to third Merlin Morris to second
|
Batting: SHB Jason Mason
|
0-0: Ball 1-0: Called Strike 1-1: Fielders Choice at 2nd, 4-6 (Groundball, 4) Armando Gusmán scores Merlin Morris to third
|
Batting: SHB Barrett Bowden
|
0-0: Fly out, F7 (Flyball, 7LMF) Runner from 3rd tags up, SCORES, no throw
|
Pitching: LHP José Carlos
|
|
Batting: SHB Javier Jiménez
|
0-0: Ball 1-0: Swinging Strike 1-1: Ball 2-1: Foul Ball, location: 2F 2-2: Strikes out swinging
|
Top of the 5th over - 2 run(s), 2 hit(s), 0 error(s), 1 left on base; Buffalo 5 - Kingston 0 |
BOTTOM OF THE 5TH |
Kingston Iguanas batting - Pitching for Buffalo LightSabres : RHP Travis Whitney
|
Batting: RHB Jesús Villalobos
|
0-0: Swinging Strike 0-1: Foul Ball, location: 2F 0-2: Ball 1-2: Foul Ball, location: 2F 1-2: Foul Ball, location: 2F 1-2: Foul Ball, location: 2F 1-2: Foul Ball, location: 2F 1-2: Ball 2-2: Foul Ball, location: 2F 2-2: Ball 3-2: Strikes out swinging
|
Batting: RHB Francisco Martínez
|
0-0: Ground out 1-3 (Groundball, P)
|
Batting: LHB Poto Vasilini
|
0-0: Ball 1-0: Ball 2-0: Ground out 6-3 (Groundball, 6)
|
Bottom of the 5th over - 0 run(s), 0 hit(s), 0 error(s), 0 left on base; Buffalo 5 - Kingston 0 |
TOP OF THE 6TH |
Buffalo LightSabres batting - Pitching for Kingston Iguanas : LHP José Carlos
|
Batting: RHB Ramão Almana
|
0-0: Foul Ball, location: 2F 0-1: Ball 1-1: Swinging Strike 1-2: Strikes out swinging
|
Batting: RHB Alfredo Villegas
|
0-0: Ball 1-0: Called Strike 1-1: Ball 2-1: Reached on error, E5 (Groundball, 56)
|
Batting: RHB Mario Solís
|
0-0: Ball 1-0: Called Strike 1-1: Ball 2-1: Ball 3-1: Foul Ball, location: 2F 3-2: Base on Balls Alfredo Villegas to second
|
Batting: RHB Armando Gusmán
|
0-0: Ball 1-0: Fielders Choice at 2nd, 6-4 (Groundball, 6) Alfredo Villegas to third
|
Batting: RHB Merlin Morris
|
0-0: Swinging Strike 0-1: Ball 1-1: Swinging Strike 1-2: Strikes out swinging
|
Top of the 6th over - 0 run(s), 0 hit(s), 1 error(s), 2 left on base; Buffalo 5 - Kingston 0 |
BOTTOM OF THE 6TH |
Kingston Iguanas batting - Pitching for Buffalo LightSabres : RHP Travis Whitney
|
Batting: RHB Tim Davis
|
0-0: Ball 1-0: Ball 2-0: Foul Ball, location: 2F 2-1: Ball 3-1: Called Strike 3-2: Base on Balls
|
Batting: RHB Matt Rodríguez
|
0-0: Ball 1-0: Grounds into double play, 6-4-3 (Groundball, 6)
|
Batting: SHB Yasuhiro Ikarashi
|
0-0: Foul Ball, location: 2F 0-1: Ball 1-1: Foul Ball, location: 2F 1-2: Ball 2-2: DOUBLE (Flyball, 89XD)
|
Batting: LHB Billy Anderson
|
0-0: Ball 1-0: Ball 2-0: Ball 3-0: Base on Balls
|
Batting: LHB Will Holt
|
0-0: Called Strike 0-1: Ball 1-1: Ball 2-1: SINGLE (Line Drive, 7LM) Yasuhiro Ikarashi to third Billy Anderson to second Runner from 3rd tries for Home, SAFE, no throw
|
Batting: RHB Ken MacDonald
|
0-0: Foul Ball, location: 2F 0-1: Foul Ball, location: 2F 0-2: Ball 1-2: Ground out 1-3 (Groundball, 13)
|
Bottom of the 6th over - 1 run(s), 2 hit(s), 0 error(s), 2 left on base; Buffalo 5 - Kingston 1 |
TOP OF THE 7TH |
Buffalo LightSabres batting - Pitching for Kingston Iguanas : LHP José Carlos
|
Batting: LHB Rob Davidson
|
0-0: Foul Ball, location: 2F 0-1: Fly out, F8 (Flyball, 8LXD)
|
Batting: SHB Jason Mason
|
0-0: Foul Ball, location: 2F 0-1: Foul Ball, location: 2F 0-2: Ball 1-2: Strikes out swinging
|
Batting: SHB Barrett Bowden
|
0-0: SINGLE (Groundball, 6MD)
|
Batting: SHB Javier Jiménez
|
0-0: Ball 1-0: Called Strike 1-1: Ball 2-1: Foul Ball, location: 2F 2-2: Strikes out swinging
|
Top of the 7th over - 0 run(s), 1 hit(s), 0 error(s), 1 left on base; Buffalo 5 - Kingston 1 |
BOTTOM OF THE 7TH |
Kingston Iguanas batting - Pitching for Buffalo LightSabres : RHP Travis Whitney
|
Batting: RHB Jesús Villalobos
|
0-0: Called Strike 0-1: Swinging Strike 0-2: Ball 1-2: SINGLE (Groundball, 56S) (infield hit)
|
Batting: RHB Francisco Martínez
|
0-0: Called Strike Jesús Villalobos steals 2nd base 0-1: Swinging Strike 0-2: Ground out 5-3 (Groundball, 5S) Jesús Villalobos to third
|
Pitching: LHP Tom Workman
|
|
Batting: LHB Poto Vasilini
|
0-0: Ball 1-0: Fly out, F5 (Line Drive, 5)
|
Batting: RHB Tim Davis
|
0-0: Fly out, F8 (Flyball, 8RD)
|
Bottom of the 7th over - 0 run(s), 1 hit(s), 0 error(s), 1 left on base; Buffalo 5 - Kingston 1 |
TOP OF THE 8TH |
Buffalo LightSabres batting - Pitching for Kingston Iguanas : LHP José Carlos
|
Batting: RHB Ramão Almana
|
0-0: Called Strike 0-1: Ball 1-1: Fly out, F8 (Flyball, 8LM)
|
Batting: RHB Alfredo Villegas
|
0-0: Ball 1-0: Ball 2-0: Ball 3-0: Called Strike 3-1: Foul Ball, location: 2F 3-2: Foul Ball, location: 2F 3-2: Foul Ball, location: 2F 3-2: Foul Ball, location: 2F 3-2: Foul Ball, location: 2F 3-2: SINGLE (Groundball, 6D)
|
Batting: RHB Mario Solís
|
0-0: Grounds into double play, 6-4-3 (Groundball, 6)
|
Top of the 8th over - 0 run(s), 1 hit(s), 0 error(s), 0 left on base; Buffalo 5 - Kingston 1 |
BOTTOM OF THE 8TH |
Kingston Iguanas batting - Pitching for Buffalo LightSabres : LHP Tom Workman
|
Batting: RHB Matt Rodríguez
|
0-0: Called Strike 0-1: Foul Ball, location: 2F 0-2: Ball 1-2: Foul Ball, location: 2F 1-2: Ball 2-2: Ball 3-2: SOLO HOME RUN (Flyball, 78XD), Distance : 401 ft
|
Batting: SHB Yasuhiro Ikarashi
|
0-0: SINGLE (Line Drive, 7S)
|
Batting: LHB Billy Anderson
|
0-0: Ball 1-0: Called Strike 1-1: Ball 2-1: Fly out, F7 (Flyball, 78M)
|
Batting: LHB Will Holt
|
0-0: Ball 1-0: Ball 2-0: Foul Ball, location: 2F 2-1: Foul Ball, location: 2F 2-2: Strikes out swinging
|
Batting: RHB Ken MacDonald
|
0-0: Called Strike 0-1: Ball 1-1: SINGLE (Line Drive, 56D) Yasuhiro Ikarashi to second
|
Batting: RHB Jesús Villalobos
|
0-0: Ball 1-0: Ball 2-0: Called Strike 2-1: Ball 3-1: SINGLE (Line Drive, 56) Yasuhiro Ikarashi to third Ken MacDonald to second Runner from 3rd tries for Home, SAFE, no throw
|
Pitching: RHP Esteban Muñóz
|
|
Batting: RHB Francisco Martínez
|
0-0: Called Strike 0-1: Ball 1-1: Ball 2-1: Ball 3-1: Swinging Strike 3-2: Base on Balls Ken MacDonald to third Jesús Villalobos to second
|
Batting: LHB Poto Vasilini
|
0-0: Ball 1-0: Swinging Strike 1-1: Ball 2-1: Foul Ball, location: 2F 2-2: Strikes out looking
|
Bottom of the 8th over - 2 run(s), 4 hit(s), 0 error(s), 3 left on base; Buffalo 5 - Kingston 3 |
TOP OF THE 9TH |
Buffalo LightSabres batting - Pitching for Kingston Iguanas : LHP José Carlos
|
Pitching: RHP Chandler Lindsey
|
|
Batting: RHB Armando Gusmán
|
0-0: Ground out 5-3 (Groundball, 56S)
|
Batting: RHB Merlin Morris
|
0-0: Called Strike 0-1: Ball 1-1: Ball 2-1: Ball 3-1: Base on Balls
|
Pitching: LHP Ray McKnight
|
|
Batting: LHB Rob Davidson
|
0-0: Hit by Pitch Merlin Morris to second
|
Pitching: RHP Guo-fang Juan
|
|
Pinch Hitting: LHB Zack Payton
|
0-0: Called Strike 0-1: Called Strike 0-2: Fly out, F7 (Flyball, 78D)
|
Batting: SHB Barrett Bowden
|
0-0: Called Strike 0-1: Ball 1-1: Foul Ball, location: 2F 1-2: Foul Ball, location: 2F 1-2: Foul Ball, location: 2F 1-2: Ball 2-2: Ball 3-2: SINGLE (Groundball, 34S) (infield hit) Merlin Morris to third Rob Davidson to second
|
Batting: SHB Javier Jiménez
|
0-0: Fielders Choice at 2nd, 4-6 (Groundball, 4)
|
Top of the 9th over - 0 run(s), 1 hit(s), 0 error(s), 2 left on base; Buffalo 5 - Kingston 3 |
BOTTOM OF THE 9TH |
Kingston Iguanas batting - Pitching for Buffalo LightSabres : RHP Esteban Muñóz
|
Pitching: RHP Gavin Robbins
|
|
Now at SS: Tony Estrada
|
|
Batting: RHB Tim Davis
|
0-0: Ball 1-0: Ball 2-0: SINGLE (Line Drive, 7LS)
|
Batting: RHB Matt Rodríguez
|
0-0: DOUBLE (Groundball, 5L) Tim Davis to third Runner from 3rd tries for Home, SAFE, no throw
|
Batting: SHB Yasuhiro Ikarashi
|
0-0: Called Strike 0-1: Ball 1-1: Ground out 6-3 (Groundball, 6)
|
Batting: LHB Billy Anderson
|
0-0: Ball 1-0: Ball 2-0: DOUBLE (Groundball, 3L) Matt Rodríguez scores
|
Pinch Hitting: LHB Carlton López
|
0-0: Intentional Walk
|
Pinch Hitting: RHB Luis Aguilar
|
0-0: Ball 1-0: Called Strike 1-1: Called Strike 1-2: Foul Ball, location: 2F 1-2: Foul Ball, location: 2F 1-2: Ball 2-2: Grounds into double play, 6-4-3 (Groundball, 6)
|
Bottom of the 9th over - 2 run(s), 3 hit(s), 0 error(s), 1 left on base; Buffalo 5 - Kingston 5 |
TOP OF THE 10TH |
Buffalo LightSabres batting - Pitching for Kingston Iguanas : RHP Guo-fang Juan
|
Now at 1B: Luis Aguilar
|
|
Now at 2B: Bobby Armstrong
|
|
Pinch Hitting: LHB Leslie Adams
|
0-0: Ball 1-0: Swinging Strike 1-1: Ball 2-1: Swinging Strike 2-2: Strikes out swinging
|
Batting: RHB Alfredo Villegas
|
0-0: Ball 1-0: Called Strike 1-1: Swinging Strike 1-2: Strikes out swinging
|
Batting: RHB Mario Solís
|
0-0: Ball 1-0: SOLO HOME RUN (Flyball, 7LD), Distance : 356 ft
|
Batting: RHB Armando Gusmán
|
0-0: Ball 1-0: Ball 2-0: Ball 3-0: Base on Balls
|
Batting: RHB Merlin Morris
|
0-0: Ball 1-0: Foul Ball, location: 2F 1-1: Ball 2-1: Ball 3-1: Base on Balls Armando Gusmán to second
|
Batting: LHB Rob Davidson
|
0-0: Ball 1-0: Called Strike 1-1: Foul Ball, location: 2F 1-2: Foul Ball, location: 2F 1-2: Ball 2-2: Foul Ball, location: 2F 2-2: SINGLE (Flyball, 8RS) Armando Gusmán to third Merlin Morris to second Runner from 3rd tries for Home, SAFE, no throw
|
Pitching: RHP Jesús Gonzáles
|
|
Pinch Hitting: RHB Donato Gozende
|
0-0: Ball 1-0: Called Strike 1-1: Foul Ball, location: 2F 1-2: Ball 2-2: Ball 3-2: Strikes out looking
|
Top of the 10th over - 2 run(s), 2 hit(s), 0 error(s), 2 left on base; Buffalo 7 - Kingston 5 |
BOTTOM OF THE 10TH |
Kingston Iguanas batting - Pitching for Buffalo LightSabres : RHP Gavin Robbins
|
Now at C: Tex Badger
|
|
Now at SS: Huub Stolk
|
|
Batting: RHB Jesús Villalobos
|
0-0: Ball 1-0: Ball 2-0: Called Strike 2-1: TRIPLE (Flyball, 89D)
|
Pinch Hitting: LHB Bob Greene
|
0-0: Ball 1-0: SINGLE (Line Drive, 5D) Jesús Villalobos scores
|
Batting: LHB Poto Vasilini
|
0-0: Fly out, F8 (Flyball, 8LD)
|
Batting: RHB Tim Davis
|
0-0: Ball 1-0: Ball 2-0: Ball 3-0: Called Strike 3-1: Foul Ball, location: 2F 3-2: SINGLE (Line Drive, 56D) Bob Greene to second
|
Batting: RHB Matt Rodríguez
|
0-0: Called Strike 0-1: Ball 1-1: Fly out, F9 (Flyball, 9LS)
|
Batting: SHB Yasuhiro Ikarashi
|
0-0: Called Strike 0-1: Ball 1-1: Fielders Choice at 2nd, 4-6 (Groundball, 4)
|
Bottom of the 10th over - 1 run(s), 3 hit(s), 0 error(s), 1 left on base; Buffalo 7 - Kingston 6 |
|